 Dungeon Crawl Stone Soup version 0.31-a0-931-g7b59d4eb97 (webtiles) character file.

Game seed: 16594731741094099770

4 XLettuce the Stinger (level 1, 14/14 HPs)
             Began as a Draconian Venom Mage on Oct 19, 2023.
             Quit the game on level 1 of the Dungeon.
             The game lasted 00:00:34 (243 turns).

XLettuce the Stinger (Draconian Venom Mage)          Turns: 243, Time: 00:00:34

Health: 14/14      AC:  4    Str: 10    XL:     1   Next: 58%
Magic:  3/3        EV: 12    Int: 15    God:
Gold:   26         SH:  0    Dex: 11    Spells: 3/4 levels left

rFire   . . .        c - +0 short sword
rCold   . . .        (no shield)
rNeg    . . .        (body armour unavailable)
rPois   .            (helmet restricted)
rElec   .            (no cloak)
rCorr   .            (no gloves)
SInv    .            (no boots)
Will    .....        (no amulet)
Stlth   ++           (no ring)
HPRegen 0.22/turn    (no ring)
MPRegen 0.08/turn

%: no passive effects
@: no status effects
A: AC +4, unfitting armour, cold-blooded
a: no special abilities


You were on level 1 of the Dungeon.
You visited 1 branch of the dungeon, and saw 1 of its levels.

You collected 26 gold pieces.

Inventory:

Hand Weapons
 c - a +0 short sword (weapon)
Scrolls
 d - a scroll of teleportation {unknown}
 e - a scroll of enchant weapon {unknown}
Potions
 a - a potion of magic
 b - a potion of lignification {unknown}


   Skills:
 + Level 0.2 Fighting
 - Level 1.7 Dodging
 - Level 1.7 Stealth
 * Level 2.1 Spellcasting
 + Level 1.1 Transmutations
 * Level 3.1 Poison Magic


You had 3 spell levels left.
You knew the following spells:

 Your Spells              Type           Power      Damage    Failure   Level
a - Sting                 Tmut/Pois      28%        1d4       10%         1

Your spell library contained the following spells:

 Spells                   Type           Power      Damage    Failure   Level
 Poisonous Vapours        Pois/Air       12%        N/A       17%         2
 Mephitic Cloud           Conj/Pois/Air  4%         N/A       41%         3
 Olgreb's Toxic Radiance  Pois           10%        N/A       52%         4


Dungeon Overview and Level Annotations

Branches:
Dungeon (1/15)

Altars:


Innate Abilities, Weirdness & Mutations

Your plain brown scales are hard. (AC +4)
You cannot fit into any form of body armour.
You are cold-blooded and may be slowed by cold attacks.


Message History

Aim: a bat (52% to hit)
The sting hits the bat.
The bat is poisoned.
The bat is severely wounded.
The bat hits you but does no damage.
Aiming: Sting (safe; 10% risk of failure)
Press: ? - help, Q - select action Shift-Dir - straight line, f/p - bat
Aim: a bat (severely wounded, poisoned, 52% to hit)
You miscast Sting.
You are very lightly contaminated with residual magic.
Nothing appears to happen.
You kill the bat!
Aiming: Sting (safe; 10% risk of failure)
Press: ? - help, Q - select action Shift-Dir - straight line, f - quokka
Aim: a quokka (56% to hit)
The sting hits the quokka.
The quokka is poisoned.
The quokka is moderately wounded.
The quokka closely misses you. The quokka attacks as it pursues you!
The quokka barely misses you.
You hit the quokka.
You kill the quokka!
You hit the rat.
You kill the rat!
Your magical contamination has completely faded away.
The ball python hisses angrily.
Things that are here:
a rat corpse; a quokka corpse A ball python is nearby!
You completely miss the ball python.
Your tail-slap misses the ball python.
The ball python misses you. The ball python grabs you.
The ball python constricts you.
Aiming: Sting (safe; 10% risk of failure)
Press: ? - help, Q - select action Shift-Dir - straight line, f - ball python
Aim: a ball python (constricting you, 64% to hit)
The sting hits the ball python.
The ball python is poisoned.
You kill the ball python!
You open the door.
There is an open door here.
You open the door.
Found 2 boomerangs.
Are you sure you want to abandon this character and quit the game? (Confirm with "yes".)

..............#'##
#.......#####....##
#.......# #.....#
#.......# #....#######
#.......#####.#.........
#.........#.............
######....#.#.......#...
#....#......##†#...
#.@..#......##.#...
##'###......##.#...
..................
##.###.......#.#### #(#
#.......#.# # #.#
#.S.... #.# # #.# ###
#.# # ... ...


There were no monsters in sight!

Vanquished Creatures
  A bat (D:1)
  A quokka (D:1)
  A ball python (D:1)
  A kobold (D:1)
  A rat (D:1)
5 creatures vanquished.

Notes
Turn   | Place    | Note
-------+----------+-------------------------------------------
     0 | D:1      | XLettuce the Draconian Venom Mage began the quest for the
                  | Orb.
     0 | D:1      | Reached XP level 1. HP: 14/14 MP: 3/3
   243 | D:1      | Quit the game

Illustrated notes

Levels and vault maps discovered:
D:1:      dpeg_arrival_rooms_a, layout_basic, serial_shops, shop,
          nicolae_shop_rolled_up, nicolae_shop_window_shopping, shop

Action                     || total
---------------------------++-------
  Melee: Short sword       ||     3
         Unarmed           ||     1
   Cast: Sting             ||     4
 Armour: Skin              ||     1
  Dodge: Dodged            ||     3

Table legend: (Time is in decaauts)
 A = Elapsed time spent in this place.
 B = Non-inter-level travel time spent in this place.
 C = Inter-level travel time spent in this place.
 D = Time resting spent in this place.
 E = Time spent auto-exploring this place.
 F = Levels seen in this place.
 G = Mean time per level.
                   A        B        C        D        E       F      G
               +--------+--------+--------+--------+--------+-----+--------+
         Total |    242 |    242 |      0 |      0 |    211 |   1 |  242.0 |
       Dungeon |    242 |    242 |      0 |      0 |    211 |   1 |  242.0 |
               +--------+--------+--------+--------+--------+-----+--------+

Top non-repeatable levels by time:
     D:1: 242 daAuts
